[Event "Late-Titled-Tuesday-Blitz-December-26-2023"]
[Site "Chess.com"]
[Date "2023.12.26"]
[Round "2"]
[White "SEBAZZANO"]
[Black "aksuliini1"]
[Result "1-0"]
[WhiteElo "2276"]
[BlackElo "2473"]
[TimeControl "180+1"]
[EndTime "14:14:44 PST"]
[Termination "SEBAZZANO won by checkmate"]

1. d4 Nf6 2. Bf4 g6 3. Nc3 Bg7 4. e4 d6 5. Qd2 O-O 6. O-O-O Nc6 7. Nf3 Bg4 8. d5 Nb4 9. Be2 c5 10. a3 Na6 11. h3 Bxf3 12. Bxf3 Nd7 13. Bh6 Rb8 14.
h4 b5 15. h5 b4 16. Bxg7 Kxg7 17. hxg6 hxg6 18. Qh6+ Kf6 19. e5+ Nxe5 20. Ne4+ Kf5 21.
Qg5# 1-0

[Event "Late-Titled-Tuesday-Blitz-December-26-2023"]
[Site "Chess.com"]
[Date "2023.12.26"]
[Round "2"]
[White "boracilek"]
[Black "campochess"]
[Result "1-0"]
[WhiteElo "2467"]
[BlackElo "2174"]
[TimeControl "180+1"]
[EndTime "14:14:47 PST"]
[Termination "boracilek won by resignation"]

1. d4 Nf6 2. Bf4 d6 3. Nf3 c6 4.
Nc3 g6 5. e4 Bg7 6. Qd2 h5 7.
O-O-O Qa5 8. Kb1 b5 9. e5 b4 10. exf6 Bxf6 11. Ne4 Bg7 12. a3 Na6 13. Bxa6 Bxa6 14.
Qxb4 Qf5 15. Nxd6+ exd6 16. Qxd6 Bc4 17. d5 Bxd5 18.
Rxd5 cxd5 19. Re1+ Qe4 20. Rxe4+ dxe4 21. Bg5 f6 22.
Qe6+ Kf8 23. Bxf6 Re8 24. Qd6+ Kf7 25. Ng5+ Kg8 26. Qd5+ 1-0

[Event "Late-Titled-Tuesday-Blitz-December-26-2023"]
[Site "Chess.com"]
[Date "2023.12.26"]
[Round "2"]
[White "BeardedNM"]
[Black "Crasyhealer"]
[Result "0-1"]
[WhiteElo "2169"]
[BlackElo "2462"]
[TimeControl "180+1"]
[EndTime "14:15:01 PST"]
[Termination "Crasyhealer won by resignation"]

1. e4 e5 2. Nf3 Nc6 3. Nc3 d6 4.
d4 Bg4 5. Bb5 Bxf3 6. gxf3 exd4 7. Qxd4 Ne7 8. Bg5 Qd7 9. Qd2 a6 10. Bf1 Ne5 11. O-O-O Nxf3 12. Qf4 Nxg5 13. Qxg5 Ng6 14.
h4 Be7 15. Qg3 h5 16. f4 Qg4 17. Qxg4 hxg4 18. Nd5 Rc8 19. h5 Nxf4 20. Nxf4 Bg5 0-1

[Event "Late-Titled-Tuesday-Blitz-December-26-2023"]
[Site "Chess.com"]
[Date "2023.12.26"]
[Round "2"]
[White "Hoshka"]
[Black "fugadelafuga"]
[Result "0-1"]
[WhiteElo "2045"]
[BlackElo "2425"]
[TimeControl "180+1"]
[EndTime "14:15:03 PST"]
[Termination "fugadelafuga won by resignation"]

1. d4 Nf6 2. c4 c5 3. d5 b5 4. cxb5 a6 5. bxa6 g6 6. Nc3 Bg7 7. g3 O-O 8. Bg2 d6 9. Nf3 Bf5 10. O-O Ne4 11. Nxe4 Bxe4 12. Nd2 Bxg2 13. Kxg2 Nxa6 14. Nc4 Qc7 15. e4 Rfb8 16. Qe2 Qb7 17. Rb1 Nc7 18. a3 Nb5 19. Be3 Qa6 20. Rfd1 Bd4 21. e5 dxe5 22. Bxd4 Nxd4 23. Qd3 Rb3 24. Qf1 e4 25. Qe1 Qxc4 0-1

[Event "Late-Titled-Tuesday-Blitz-December-26-2023"]
[Site "Chess.com"]
[Date "2023.12.26"]
[Round "2"]
[White "zsoltkorpics"]
[Black "GMJustin"]
[Result "1-0"]
[WhiteElo "2482"]
[BlackElo "2238"]
[TimeControl "180+1"]
[EndTime "14:15:12 PST"]
[Termination "zsoltkorpics won on time"]

1. e4 c5 2. Nf3 d6 3. Nc3 a6 4. d4 cxd4 5. Nxd4 Nf6 6. h3 Nbd7 7.
g4 Nc5 8. Bg2 e6 9. O-O Be7 10.
g5 Ng8 11. f4 h6 12. g6 fxg6 13. Qg4 Bf6 14. Qxg6+ Kd7 15. e5 Ne7 16. Qg3 dxe5 17.
fxe5 1-0

[Event "Late-Titled-Tuesday-Blitz-December-26-2023"]
[Site "Chess.com"]
[Date "2023.12.26"]
[Round "2"]
[White "PoXerStar"]
[Black "Gyulamiryan-koryun"]
[Result "1-0"]
[WhiteElo "2422"]
[BlackElo "2033"]
[TimeControl "180+1"]
[EndTime "14:15:16 PST"]
[Termination "PoXerStar won by resignation"]

1. d4 Nf6 2. c4 c5 3. d5 b5 4.
cxb5 a6 5. e3 g6 6. Nc3 Bg7 7. Nf3 O-O 8. a4 axb5 9. Bxb5 Ba6 10.
O-O Bxb5 11. Nxb5 d6 12. Re1 Ne4 13. Qc2 f5 14. Nd2 Qa5 15. Rd1 Qb4 16. Nxe4 fxe4 17. Nc7 Ra7 18. Ne6 Rf6 19. Nxg7 Kxg7 20. Bd2 Qb7 21. Bc3 Nd7 22. Qxe4 Ne5 23. f4 Ng4 24. h3 Nxe3 25. Qxe3 Qb3 26. Bxf6+ exf6 27. Qxb3 1-0

[Event "Late-Titled-Tuesday-Blitz-December-26-2023"]
[Site "Chess.com"]
[Date "2023.12.26"]
[Round "2"]
[White "seasidesunset"]
[Black "Alex_Banzea"]
[Result "0-1"]
[WhiteElo "2227"]
[BlackElo "2650"]
[TimeControl "180+1"]
[EndTime "14:15:19 PST"]
[Termination "Alex_Banzea won by checkmate"]

1. e4 c6 2. d4 d5 3. f3 e5 4. dxe5 Bc5 5. Nc3 Qb6 6. Na4 Qa5+ 7. c3 Bxg1 8. b4 Qc7 9. Rxg1 Qxe5 10. Qd4 Qxd4 11.
cxd4 dxe4 12. fxe4 Nf6 13. Nc3 O-O 14. Bg5 Nxe4 15.
Nxe4 Re8 16. Bd3 Bf5 17. Kd2 Bxe4 18. Rae1 f5 19. g4 Nd7 20. gxf5 Bxd3 21. Kxd3 Kf7 22.
Bf4 Nf6 23. Be5 a5 24. bxa5 Rxa5 25. Rb1 Re7 26. Rb2 Ra3+ 27. Kc4 Nd5 28. Rxg7+ Kf8 29. Rxe7 Rc3# 0-1

[Event "Late-Titled-Tuesday-Blitz-December-26-2023"]
[Site "Chess.com"]
[Date "2023.12.26"]
[Round "2"]
[White "Onischuk_V"]
[Black "FREZZY23"]
[Result "0-1"]
[WhiteElo "2700"]
[BlackElo "2398"]
[TimeControl "180+1"]
[EndTime "14:15:23 PST"]
[Termination "FREZZY23 won by resignation"]

1. Nf3 Nf6 2. Ng1 g6 3. g3 Bg7 4.
Bg2 O-O 5. e3 d5 6. Ne2 c5 7. d3 Nc6 8. h3 e5 9. O-O Be6 10. Nd2 Qd7 11. Kh2 Rac8 12. b3 Rfd8 13. Bb2 b5 14. a3 a5 15. a4 b4 16. e4 dxe4 17. Nxe4 Nxe4 18. dxe4 c4 19. Qxd7 Rxd7 20. bxc4 Bxc4 21. Rfe1 Rd2 22. Bf1 Rxc2 23. Rac1 Bb3 24. Rxc2 Bxc2 25. Ra1 Nd4 26. Nc1 Bxe4 27. Bxd4 exd4 28.
Nb3 d3 29. Re1 f5 30. Nxa5 d2 31. Rd1 Bc3 32. Ba6 Rc5 33. Nb3 Bc2 34. Rxd2 Bxb3 0-1

[Event "Late-Titled-Tuesday-Blitz-December-26-2023"]
[Site "Chess.com"]
[Date "2023.12.26"]
[Round "2"]
[White "KnobbedHornbill"]
[Black "DmitryMaximov"]
[Result "0-1"]
[WhiteElo "2521"]
[BlackElo "2755"]
[TimeControl "180+1"]
[EndTime "14:15:32 PST"]
[Termination "DmitryMaximov won by resignation"]

1. d4 Nf6 2. c4 g6 3. g3 Bg7 4.
Bg2 O-O 5. Nc3 d6 6. Nf3 Nbd7 7. O-O e5 8. e4 c6 9. h3 a5 10. Be3 a4 11. Qc2 Qa5 12. Rad1 Qb4 13.
c5 dxc5 14. dxc5 Re8 15. a3 Qa5 16. Na2 Bf8 17. Rc1 Qc7 18. Rfd1 Be7 19. Nb4 Ra5 20. Nd3 Nxe4 21. Nfxe5 Nxe5 22. Bxe4 Nxd3 23. Qxd3 Bxh3 24.
Bf4 Qc8 25. Bd6 Bf6 26. Qd2 Rb5 27. Rc2 Rxe4 28. Qd3 Bf5 29. Rcd2 Qe6 30. Qf3 Bg4 0-1

[Event "Late-Titled-Tuesday-Blitz-December-26-2023"]
[Site "Chess.com"]
[Date "2023.12.26"]
[Round "2"]
[White "Petukhov_Dmitry"]
[Black "frequentblunders"]
[Result "1-0"]
[WhiteElo "2452"]
[BlackElo "2128"]
[TimeControl "180+1"]
[EndTime "14:15:34 PST"]
[Termination "Petukhov_Dmitry won by resignation"]

1. e4 e6 2. d4 c5 3. c3 d5 4. e5 Nc6 5. Nf3 Qb6 6. a3 a5 7.
Bd3 Nh6 8. O-O Nf5 9. dxc5 Bxc5 10. c4 O-O 11. Nc3 d4 12. Na4 Qa7 13. Nxc5 Qxc5 14.
b4 Qa7 15. b5 Nce7 16. Bg5 h6 17. Bf6 gxf6 18. exf6 Ng6 19. Qd2 Kh7 20. h4 Qc5 21. h5 Nh8 22. Nxd4 Bd7 23. Rfe1 Rad8 24. Nb3 Qd6 25. Bxf5+ 1-0

[Event "Late-Titled-Tuesday-Blitz-December-26-2023"]
[Site "Chess.com"]
[Date "2023.12.26"]
[Round "2"]
[White "GlavkonVVS"]
[Black "Fradi82"]
[Result "1-0"]
[WhiteElo "2504"]
[BlackElo "2309"]
[TimeControl "180+1"]
[EndTime "14:15:36 PST"]
[Termination "GlavkonVVS won by resignation"]

1. c4 e5 2. Nc3 d6 3. g3 f5 4. Bg2 Nf6 5. d3 Be7 6. Rb1 c6 7. b4 O-O 8. b5 Be6 9. bxc6 bxc6 10. Nf3 Nbd7 11. Ng5 Bf7 12. Nxf7 Rxf7 13. Bxc6 Rc8 14.
Bg2 e4 15. O-O Bf8 16. dxe4 Rxc4 17. Qb3 d5 18. Nxd5 Ne5 19. Bf4 Nxd5 20. Bxe5 Nb6 21. Rfd1 Qe7 22. Bd4 Rb4 23. Qd3 Rxb1 24. Rxb1 fxe4 25.
Qxe4 Qa3 26. Bxb6 axb6 27. Qc4 Qc5 28. Qxc5 Bxc5 29. Bd5 1-0

[Event "Late-Titled-Tuesday-Blitz-December-26-2023"]
[Site "Chess.com"]
[Date "2023.12.26"]
[Round "2"]
[White "ExchangeAB"]
[Black "GAusal"]
[Result "1-0"]
[WhiteElo "2499"]
[BlackElo "2301"]
[TimeControl "180+1"]
[EndTime "14:15:37 PST"]
[Termination "ExchangeAB won by checkmate"]

1. Nf3 d5 2. g3 c6 3. Bg2 Nf6 4. O-O g6 5. d3 Bg7 6. c4 O-O 7.
Nc3 Bg4 8. Rb1 Nbd7 9. a3 Rc8 10. Qc2 Bxf3 11. Bxf3 d4 12. Ne4 Nxe4 13. Bxe4 b6 14. b4 f5 15. Bg2 e5 16. Qa4 Qc7 17. Bd2 c5 18. b5 Rce8 19. Bd5+ Kh8 20. Qc2 Nf6 21. Bc6 Re7 22. Bg5 h6 23. Bxf6 Bxf6 24. a4 Bg5 25. a5 f4 26. axb6 axb6 27. Ra1 fxg3 28. hxg3 Ref7 29. Kg2 h5 30. f3 Qd6 31. Ra6 Bd8 32. Be4 Qf6 33. Qd2 Kh7 34. Rh1 Kg7 35. g4 Qf4 36. Qxf4 exf4 37. gxh5 g5 38. Kh3 Kh6 39. Kg4 Rf6 40. Rha1 Re8 41. Ra7 Re7 42. Rxe7 Bxe7 43. Ra7 Re6 44. Rb7 Bd8 45.
Rh7# 1-0

[Event "Late-Titled-Tuesday-Blitz-December-26-2023"]
[Site "Chess.com"]
[Date "2023.12.26"]
[Round "2"]
[White "vladoboch"]
[Black "GarayevKanan"]
[Result "1-0"]
[WhiteElo "2413"]
[BlackElo "2665"]
[TimeControl "180+1"]
[EndTime "14:15:38 PST"]
[Termination "vladoboch won by resignation"]

1. e4 c5 2. Nf3 e6 3. g3 d5 4. exd5 exd5 5. d4 Nc6 6. Bg2 Bg4 7. O-O cxd4 8. Nbd2 Nf6 9. Nb3 Be7 10. Nbxd4 O-O 11. Be3 Ne4 12. c3 Ne5 13. Qc2 Nc4 14. Bf4 Rc8 15.
Rfe1 Qb6 16. Ne5 Nxe5 17. Bxe5 Nf6 18. h3 Bd7 19. Nf5 Bc5 20. Rad1 Bxf5 21. Qxf5 Ne4 22.
Bxe4 dxe4 23. Rxe4 Qxb2 24. Rg4 f6 25. Rxg7+ Kxg7 26.
Rd7+ Rf7 27. Qxf6+ 1-0

[Event "Late-Titled-Tuesday-Blitz-December-26-2023"]
[Site "Chess.com"]
[Date "2023.12.26"]
[Round "2"]
[White "Agent-JL"]
[Black "MightyGMpretender"]
[Result "0-1"]
[WhiteElo "2525"]
[BlackElo "2759"]
[TimeControl "180+1"]
[EndTime "14:15:41 PST"]
[Termination "MightyGMpretender won by resignation"]

1. d4 g6 2. e4 Bg7 3. Nc3 a6 4. Be3 b5 5. Nce2 Bb7 6. Ng3 c5 7. c3 cxd4 8. cxd4 Nf6 9. f3 Nc6 10. Bd3 Nb4 11. Bb1 Rc8 12. a3 Nc6 13. N1e2 O-O 14.
O-O Na5 15. b3 d6 16. Bd3 Nd7 17. f4 Qb6 18. Rb1 e5 19. Bc2 Nc6 20. Qd2 Nxd4 21.
Nxd4 exd4 22. Bf2 Qc5 23. Rbc1 Qc3 24. Qxc3 Rxc3 25. Ne2 Rxc2 26. Rxc2 d3 27. Rc7 dxe2 28. Re1 Bc8 29. Rxe2 Nc5 30. Bxc5 dxc5 31. e5 Be6 32. Rxc5 Bxb3 33. Rd2 Rb8 34. Rc6 a5 35. Rcd6 Bf8 36. Rd8 Rxd8 37. Rxd8 Kg7 38. Rb8 Bc4 39. Ra8 a4 40. g4 Bxa3 41. f5 gxf5 42. gxf5 Bc5+ 0-1

[Event "Late-Titled-Tuesday-Blitz-December-26-2023"]
[Site "Chess.com"]
[Date "2023.12.26"]
[Round "2"]
[White "Marcin"]
[Black "olawsson"]
[Result "1-0"]
[WhiteElo "2454"]
[BlackElo "2149"]
[TimeControl "180+1"]
[EndTime "14:15:42 PST"]
[Termination "Marcin won by resignation"]

1. d4 d6 2. c4 g6 3. e4 Bg7 4.
Nc3 Nc6 5. d5 Nd4 6. Nge2 e5 7.
dxe6 Nxe6 8. g3 Ne7 9. Bg2 O-O 10. O-O Nc6 11. Be3 a5 12. f4 f5 13. exf5 gxf5 14. Qd2 Qf6 15. Rad1 a4 16. Rfe1 a3 17. b3 Nb4 18. Nb5 Na6 19. Ned4 Nec5 20. Nc3 c6 21. Nde2 Rd8 22. b4 Nxb4 23. Bxc5 Na6 24.
Bb6 1-0

[Event "Late-Titled-Tuesday-Blitz-December-26-2023"]
[Site "Chess.com"]
[Date "2023.12.26"]
[Round "2"]
[White "chesspreceptor"]
[Black "maurovargas01"]
[Result "1-0"]
[WhiteElo "2641"]
[BlackElo "1841"]
[TimeControl "180+1"]
[EndTime "14:15:46 PST"]
[Termination "chesspreceptor won by resignation"]

1. d4 d5 2. Bf4 h5 3. Nc3 Nd7 4. e4 dxe4 5. Nxe4 Ngf6 6. Ng5 e6 7. N1f3 Nd5 8. Bd2 b6 9. Bd3 Bb7 10. c3 Qe7 11. Qe2 O-O-O 12. O-O-O Re8 13. c4 N5f6 14.
Ne5 Nxe5 15. dxe5 Ng4 16. Be4 Qc5 17. Bxb7+ Kxb7 18. Nxf7 Rg8 19. f3 Nxe5 20. Nxe5 1-0

[Event "Late-Titled-Tuesday-Blitz-December-26-2023"]
[Site "Chess.com"]
[Date "2023.12.26"]
[Round "2"]
[White "AlexPapasimakopoulos"]
[Black "laskakid"]
[Result "1-0"]
[WhiteElo "2639"]
[BlackElo "2355"]
[TimeControl "180+1"]
[EndTime "14:15:49 PST"]
[Termination "AlexPapasimakopoulos won by resignation"]

1. d4 d5 2. c4 e6 3. Nc3 c6 4. cxd5 exd5 5. Nf3 Bd6 6. Bg5 Ne7 7. e3 h6 8. Bh4 Bf5 9. Bd3 Bxd3 10. Qxd3 Nd7 11.
O-O O-O 12. e4 dxe4 13. Nxe4 Nb6 14. Nxd6 Qxd6 15. Bxe7 Qxe7 16. Rfe1 Qd6 17. Qb3 Rfe8 18. h3 Qd5 19. Qb4 Rab8 20. b3 Qf5 21. Re5 Qf6 22.
Qa5 Nd7 23. Rxe8+ Rxe8 24. Qxa7 c5 25. Qxb7 Rd8 26. Rd1 cxd4 27. Rxd4 Nc5 28. Rxd8+ Qxd8 29. Qc6 Qd1+ 30. Kh2 Nd3 31. Qe8+ Kh7 32. Qxf7 Qf1 33. Qc4 Qd1 34. Qe4+ Kg8 35. Qd5+ Kh7 36. Ne5 Qd2 37. Qxd3+ 1-0

[Event "Late-Titled-Tuesday-Blitz-December-26-2023"]
[Site "Chess.com"]
[Date "2023.12.26"]
[Round "2"]
[White "UmutErdemGunduz"]
[Black "SergioMoralesG"]
[Result "1-0"]
[WhiteElo "2686"]
[BlackElo "2407"]
[TimeControl "180+1"]
[EndTime "14:15:56 PST"]
[Termination "UmutErdemGunduz won by resignation"]

1. e4 c5 2. Nf3 e6 3. d4 cxd4 4. Nxd4 Nc6 5. Nc3 Qc7 6. g3 a6 7. Bg2 Nf6 8. O-O Nxd4 9. Qxd4 Bc5 10. Bf4 d6 11. Qd2 h6 12. Rad1 e5 13. Be3 Be6 14.
Bxc5 dxc5 15. Nd5 Bxd5 16. exd5 Qd6 17. c4 O-O 18. Rfe1 Rfe8 19. Re3 Re7 20. Rde1 Rae8 21. h3 Nd7 22. Be4 g6 23. g4 Kg7 24. h4 Nf6 25. f3 Nxe4 26. fxe4 Qf6 27. Qh2 Qf4 28.
Qh3 Qf6 29. Rf1 Qd6 30. Ref3 f6 31. R1f2 Rf8 32. g5 Ref7 33. Qe6 Qb8 34. Rxf6 Rxf6 35.
Rxf6 Rxf6 36. Qxf6+ Kh7 37. Qe7+ Kh8 38. d6 1-0

[Event "Late-Titled-Tuesday-Blitz-December-26-2023"]
[Site "Chess.com"]
[Date "2023.12.26"]
[Round "2"]
[White "kingofthenil"]
[Black "KorolDimitriy75"]
[Result "1-0"]
[WhiteElo "2688"]
[BlackElo "2372"]
[TimeControl "180+1"]
[EndTime "14:15:56 PST"]
[Termination "kingofthenil won on time"]

1. g3 c5 2. Bg2 g6 3. f4 Bg7 4. Nf3 Nc6 5. O-O d6 6. e4 e5 7. d3 Nge7 8. Nc3 Nd4 9. f5 gxf5 10.
Nh4 f4 11. gxf4 Ng6 12. Nf5 Nxf5 13. exf5 Nxf4 14. Bxf4 exf4 15. Qh5 Be5 16. Nd5 Rg8 17. f6 Be6 18. Nxf4 Qd7 19. Nxe6 Qxe6 20. Kh1 O-O-O 21. Bh3 1-0

[Event "Late-Titled-Tuesday-Blitz-December-26-2023"]
[Site "Chess.com"]
[Date "2023.12.26"]
[Round "2"]
[White "GABUZYAN_CHESSMOOD"]
[Black "yaguigor"]
[Result "1-0"]
[WhiteElo "2901"]
[BlackElo "2569"]
[TimeControl "180+1"]
[EndTime "14:16:01 PST"]
[Termination "GABUZYAN_CHESSMOOD won by resignation"]

1. e4 c5 2. Nc3 Nc6 3. Bb5 Nd4 4. Bc4 e6 5. Nge2 Nf6 6. O-O a6 7. a4 Rb8 8. d3 b5 9. axb5 axb5 10. Nxd4 bxc4 11.
Ndb5 cxd3 12. Qxd3 d6 13. Bf4 e5 14. Bg5 Bb7 15.
Rfd1 Be7 16. Bxf6 gxf6 17. Nxd6+ Bxd6 18. Qxd6 Qxd6 19. Rxd6 Ke7 20. Rb6 Rhd8 21. Ra7 Rd7 22. Nd5+ Kd8 23. g4 Kc8 24. Ra5 Ra8 25. Rxc5+ Kd8 26.
Nxf6 Rc7 27. Rd6+ Kc8 28. Rxe5 Bc6 29. b4 Ba4 30. Nd5 1-0

[Event "Late-Titled-Tuesday-Blitz-December-26-2023"]
[Site "Chess.com"]
[Date "2023.12.26"]
[Round "2"]
[White "Manukyan_Artak"]
[Black "lucliasco"]
[Result "1-0"]
[WhiteElo "2613"]
[BlackElo "2913"]
[TimeControl "180+1"]
[EndTime "14:16:02 PST"]
[Termination "Manukyan_Artak won by resignation"]

1. e4 e5 2. Nf3 Nc6 3. d4 exd4 4. Nxd4 Nf6 5. Nxc6 bxc6 6. e5 Nd5 7. Bd3 g6 8. O-O Bg7 9. f4 O-O 10. Nd2 d6 11.
Nf3 Bg4 12. h3 Bxf3 13. Qxf3 dxe5 14. fxe5 Bxe5 15. Bh6 Bg7 16. Bxg7 Kxg7 17. Bc4 Qd6 18. Bb3 Rae8 19. Rad1 a5 20. Bxd5 Qc5+ 21. Kh2 cxd5 22. Rxd5 Qxc2 23. Qf6+ Kg8 24. Rf2 Qa4 25. b3 Qb4 26.
Rd7 Re6 27. Qf4 Qxf4+ 28. Rxf4 Rd6 29. Rxc7 Rd2 30. Ra4 Re8 31. Rxa5 Ree2 32. Rg5 Rxa2 33. Rb7 Rab2 34. Rg3 Re1 35. b4 Reb1 36. Rf3 f5 37.
Rc3 1-0

[Event "Late-Titled-Tuesday-Blitz-December-26-2023"]
[Site "Chess.com"]
[Date "2023.12.26"]
[Round "2"]
[White "youngdinousaur"]
[Black "AGW2016"]
[Result "1-0"]
[WhiteElo "2301"]
[BlackElo "2558"]
[TimeControl "180+1"]
[EndTime "14:16:04 PST"]
[Termination "youngdinousaur won by resignation"]

1. d4 Nf6 2. Nf3 d5 3. Bf4 Bf5 4. e3 e6 5. c4 c6 6. Qb3 Qb6 7. c5 Qxb3 8. axb3 Be7 9. Nc3 O-O 10. b4 Nbd7 11. b5 Nh5 12. bxc6 bxc6 13. Ne5 Nxf4 14.
Nxd7 Rfd8 15. Ne5 Ng6 16. Nxc6 Rd7 17. Nxe7+ Rxe7 18. b4 e5 19. Kd2 exd4 20. exd4 Nf4 21. g3 Nh3 22. f3 h5 23. b5 Rae8 24. Bxh3 Bxh3 25. Rhe1 Bg2 26. Nxd5 Rxe1 27. Rxe1 Rd8 28. Ne7+ Kf8 29. d5 Bxf3 30. d6 Bg4 31. Rc1 f6 32. Ke3 Kf7 33. Kd4 g5 34. h4 Bh3 35. Nc6 Rd7 36. Re1 Bg2 37. Nb8 Rd8 38. Re7+ Kg6 39.
Nc6 Rc8 40. d7 1-0

[Event "Late-Titled-Tuesday-Blitz-December-26-2023"]
[Site "Chess.com"]
[Date "2023.12.26"]
[Round "2"]
[White "aa175"]
[Black "SuanFernandes"]
[Result "1-0"]
[WhiteElo "2654"]
[BlackElo "2358"]
[TimeControl "180+1"]
[EndTime "14:16:10 PST"]
[Termination "aa175 won by checkmate"]

1. d4 d5 2. Bf4 e6 3. e3 Nf6 4. Nf3 Bd6 5. Nbd2 O-O 6. Bd3 c5 7.
c3 Bxf4 8. exf4 b6 9. Qe2 a5 10.
Ne5 Ba6 11. Bxa6 Nxa6 12. a3 Nc7 13. O-O Nce8 14. Qd3 Nd6 15. Rfe1 Rc8 16. f3 cxd4 17. Qxd4 Qc7 18. g4 Qc5 19. Rac1 Rfd8 20. a4 b5 21. Qxc5 Rxc5 22. Nb3 Rcc8 23. axb5 a4 24. Nd4 Nc4 25. Nxc4 Rxc4 26. Ra1 Nd7 27. Ra3 Nc5 28. Rea1 g6 29. b6 Rb8 30. b4 axb3 31. Ra8 Rxa8 32. Rxa8+ Kg7 33. Nxb3 Nb7 34. Rb8 Rxc3 35. Nd4 Nd6 36. Rd8 Nb7 37. Rd7 Na5 38. Ra7 Rc1+ 39. Kg2 Rb1 40.
Nxe6+ Kf6 41. Ng5 Rxb6 42. Rxf7# 1-0

[Event "Late-Titled-Tuesday-Blitz-December-26-2023"]
[Site "Chess.com"]
[Date "2023.12.26"]
[Round "2"]
[White "kasparicy"]
[Black "miraitrunks"]
[Result "1-0"]
[WhiteElo "2438"]
[BlackElo "2086"]
[TimeControl "180+1"]
[EndTime "14:16:14 PST"]
[Termination "kasparicy won by resignation"]

1. e4 e6 2. d4 d5 3. Nd2 dxe4 4. Nxe4 Bd7 5. Nf3 Bc6 6. Bd3 Nf6 7. Ng3 Bd6 8. Bg5 Nbd7 9. Qe2 h6 10. Bd2 O-O 11.
O-O-O Re8 12. Kb1 e5 13. dxe5 Nxe5 14. Nxe5 Bxe5 15. Be3 Qe7 16. Nf5 Qb4 17. c3 Bxc3 18. Qc2 Be5 19. h3 Ne4 20. Ka1 Rad8 21. f3 Nf6 22.
Bc4 Bd5 23. Bxd5 Nxd5 24. Bc5 Qa5 25. Bd4 Nb4 26. Qb3 c5 27. Bxe5 Rxe5 28. g4 Red5 29.
Ne7+ Kf8 30. Nxd5 Rxd5 31. Rxd5 Nxd5 32. Qxd5 1-0

[Event "Late-Titled-Tuesday-Blitz-December-26-2023"]
[Site "Chess.com"]
[Date "2023.12.26"]
[Round "2"]
[White "colegiodemadrid"]
[Black "BilodeauA"]
[Result "0-1"]
[WhiteElo "2564"]
[BlackElo "2892"]
[TimeControl "180+1"]
[EndTime "14:16:16 PST"]
[Termination "BilodeauA won by resignation"]

1. d4 d5 2. c4 dxc4 3. Nf3 a6 4. e3 Bg4 5. Bxc4 e6 6. h3 Bh5 7. Be2 Nf6 8. O-O Nc6 9. Nc3 Bd6 10. e4 Bxf3 11.
Bxf3 Nxd4 12. Be3 Be5 13. Bxd4 Qxd4 14. Qxd4 Bxd4 15. e5 Bxe5 16. Bxb7 Rb8 17. Bxa6 Rxb2 18. Rac1 Ke7 19. a4 Ra8 20. Bb5 Ra7 21. Rfe1 Bd4 22. Re2 Bxc3 23. Rxc3 Rxe2 24. Bxe2 Nd5 25. Ra3 Ra5 26. Bb5 Kd6 27. Be8 f6 28. Rg3 g6 29.
h4 c6 30. h5 g5 31. h6 Rxa4 32. Rb3 Ra8 33. Bf7 Ra7 34. Be8 c5 35. Rb8 c4 36.
Bh5 c3 37. Rd8+ Ke5 38. Rc8 Rc7 39. Rxc7 Nxc7 40. Bg6 f5 41. f4+ Kxf4 42. Bxh7 c2 43. Bxf5 c1=Q+ 44. Kh2 0-1

[Event "Late-Titled-Tuesday-Blitz-December-26-2023"]
[Site "Chess.com"]
[Date "2023.12.26"]
[Round "2"]
[White "SandwichOSaumon"]
[Black "jcmesafischer"]
[Result "0-1"]
[WhiteElo "2481"]
[BlackElo "2335"]
[TimeControl "180+1"]
[EndTime "14:16:19 PST"]
[Termination "jcmesafischer won by resignation"]

1. d4 Nf6 2. c4 e6 3. Nc3 Bb4 4.
Bd2 d5 5. e3 Bxc3 6. Bxc3 Ne4 7.
Nf3 c5 8. cxd5 exd5 9. Be2 O-O 10. O-O b6 11. Nd2 Nxc3 12. bxc3 Ba6 13. Bxa6 Nxa6 14. Qf3 Nc7 15. Rab1 Qd7 16. Nb3 Ne6 17. Rfd1 Ng5 18. Qe2 Ne4 19. Rbc1 cxd4 20. cxd4 Rac8 21. Nd2 Nc3 22.
Rxc3 Rxc3 23. Nf1 Rfc8 24. Rd2 Rc1 25. Rd1 Qa4 26. Rxc1 Rxc1 27. Qd2 Rc2 28. Qd3 Qc4 29. Qb3 Rxa2 30. Qxc4 dxc4 31. g3 c3 0-1

[Event "Late-Titled-Tuesday-Blitz-December-26-2023"]
[Site "Chess.com"]
[Date "2023.12.26"]
[Round "2"]
[White "aranibos"]
[Black "thechesscorner64"]
[Result "1-0"]
[WhiteElo "2161"]
[BlackElo "2437"]
[TimeControl "180+1"]
[EndTime "14:16:19 PST"]
[Termination "aranibos won by resignation"]

1. d4 Nf6 2. c3 g6 3. Bg5 Bg7 4. Nd2 b6 5. Ngf3 Bb7 6. e3 d6 7. Bd3 h6 8. Bf4 Nbd7 9. h4 e6 10.
Qb3 Qe7 11. Bh2 e5 12. dxe5 dxe5 13. e4 Nc5 14. Qc2 Rd8 15. Bb5+ c6 16. Be2 Nh5 17. O-O-O Nf4 18. Bxf4 exf4 19. Rhe1 O-O 20. Bc4 b5 21. Bf1 Qe6 22. Kb1 a5 23. e5 a4 24. Ne4 Nxe4 25. Qxe4 a3 26. b3 Qg4 27. g3 Rxd1+ 28. Rxd1 g5 29.
hxg5 Bc8 30. Bd3 Rd8 31. gxh6 Bxe5 32. h7+ Kf8 33. Qxe5 Qg7 34. h8=Q+ 1-0

[Event "Late-Titled-Tuesday-Blitz-December-26-2023"]
[Site "Chess.com"]
[Date "2023.12.26"]
[Round "2"]
[White "ChristopherYoo"]
[Black "czasnaszachy"]
[Result "1-0"]
[WhiteElo "2973"]
[BlackElo "2394"]
[TimeControl "180+1"]
[EndTime "14:16:21 PST"]
[Termination "ChristopherYoo won by resignation"]

1. Nf3 Nf6 2. c4 c5 3. Nc3 Nc6 4. e3 g6 5. b3 Bg7 6. Bb2 O-O 7.
Rc1 b6 8. d4 cxd4 9. exd4 d5 10.
Be2 dxc4 11. bxc4 Bg4 12. O-O Rc8 13. Nb5 a6 14. Na3 Na5 15. Ne5 Bxe2 16. Qxe2 Nd7 17. Nf3 e6 18. Bc3 Nc6 19. Nc2 Ne7 20. Ne3 Nf5 21. Nxf5 gxf5 22. Rfd1 Qc7 23. Bb4 Rfd8 24. d5 exd5 25. Rxd5 Re8 26. Qd3 Nf6 27. Rxf5 Ne4 28. Ng5 Nxg5 29. Rxg5 Kh8 30. Bc3 f6 31. Rh5 h6 32.
Bxf6 Bxf6 33. Rxh6+ Kg8 34. Rxf6 Re7 35. Qd5+ Kh8 36.
Rh6+ Rh7 37. Qd4+ Qg7 38. Rxh7+ Kxh7 39. Qd3+ Kh8 40. Qh3+ 1-0

[Event "Late-Titled-Tuesday-Blitz-December-26-2023"]
[Site "Chess.com"]
[Date "2023.12.26"]
[Round "2"]
[White "Smile2005"]
[Black "Korchmar_Vasiliy"]
[Result "0-1"]
[WhiteElo "2388"]
[BlackElo "2791"]
[TimeControl "180+1"]
[EndTime "14:16:23 PST"]
[Termination "Korchmar_Vasiliy won by resignation"]

1. e4 c5 2. Nf3 d6 3. d4 cxd4 4. Nxd4 Nf6 5. f3 e5 6. Nb3 Be6 7. c4 Nbd7 8. Nc3 Rc8 9. Nd5 b5 10. Nxf6+ Nxf6 11. cxb5 d5 12. Bg5 Bb4+ 13. Bd2 Bd6 14.
exd5 Nxd5 15. Be2 e4 16. O-O Qh4 17. f4 Nxf4 18. Bxf4 Bxf4 19. g3 Be3+ 20. Kh1 Qh6 21. Nd4 Rd8 22. Qa4 Rxd4 23. Qxa7 O-O 24. b6 Rd2 25. Rae1 Bg4 26. Qa3 Bxe2 27. Rxe2 Rxe2 28. h4 Qe6 29. g4 Qe5 30. Rf2 Rxf2 31. Qxe3 0-1

[Event "Late-Titled-Tuesday-Blitz-December-26-2023"]
[Site "Chess.com"]
[Date "2023.12.26"]
[Round "2"]
[White "carloseduar100"]
[Black "OneTrickPony_82"]
[Result "0-1"]
[WhiteElo "2284"]
[BlackElo "2496"]
[TimeControl "180+1"]
[EndTime "14:16:29 PST"]
[Termination "OneTrickPony_82 won by resignation"]

1. d4 Nf6 2. Bg5 d5 3. Nd2 c5 4.
Bxf6 exf6 5. e3 Nc6 6. c3 Qb6 7. Rb1 Bf5 8. dxc5 Bxc5 9. b4 Bxe3 10. fxe3 Bxb1 11. Ne2 Bg6 12. Nd4 O-O 13. Be2 Rfe8 14.
Nf1 a5 15. b5 Ne5 16. Ng3 Qc5 17. O-O Qxc3 18. Ngf5 Bxf5 19. Nxf5 g6 20. Nd6 Re6 21. Qxd5 Rd8 22. Qd4 Qxd4 23. exd4 Rdxd6 24. dxe5 fxe5 25. Bf3 e4 26. Be2 Rd4 27. h3 Re5 28. Rf6 Rc5 29.
Rb6 Rc2 30. Bg4 f5 31. Rxb7 fxg4 32. a4 g3 0-1